 Dungeon Crawl Stone Soup version 0.28.0 (webtiles) character file.

Game seed: 15790218663753350193

40 GrayStillPlays the Skirmisher (level 3, -1/29 HPs)
             Began as a Demonspawn Fighter on Feb 13, 2022.
             Slain by an orc (6 damage)
             ... on level 3 of the Dungeon.
             The game lasted 00:02:01 (1817 turns).

GrayStillPlays the Skirmisher (Demonspawn Fighter)  Turns: 1817, Time: 00:02:02

Health: -1/29      AC:  6    Str: 16    XL:     3   Next: 30%
Magic:  3/3        EV:  8    Int: 11    God:
Gold:   90         SH:  4    Dex: 12    Spells: 2/2 levels left

rFire   . . .      SeeInvis .   a - +0 war axe {axe}
rCold   . . .      Faith    .   c - +0 buckler
rNeg    . . .      Spirit   .   b - +0 scale mail
rPois   .          Reflect  .   (no helmet)
rElec   .          Harm     .   (no cloak)
rCorr   .          Rampage  .   (no gloves)
Will    .....                   (no boots)
Stlth   ..........              (no amulet)
HPRegen 0.09/turn               (no ring)
MPRegen 0.08/turn               (no ring)

@: no status effects
A: claws 1
a: no special abilities


You were on level 3 of the Dungeon.
You visited 1 branch of the dungeon, and saw 3 of its levels.

You collected 90 gold pieces.


Innate Abilities, Weirdness & Mutations

You have sharp fingernails.


   Skills:
 + Level 3.3 Fighting
 + Level 2.2 Axes
 + Level 3.1 Armour
 + Level 3.0 Shields


You had 2 spell levels left.
You didn't know any spells.
Your spell library was empty.

Inventory:

Hand Weapons
 a - a +0 war axe (weapon) {axe}
Missiles
 e - 58 stones (quivered) {throwing}
 h - 19 arrows
 i - 31 bolts
 m - 13 sling bullets
Armour
 b - a +0 scale mail (worn)
 c - a +0 buckler (worn)
 f - a +2 cloak
   (You found it on level 1 of the Dungeon)
Jewellery
 k - a ring of fire
   (You found it on level 1 of the Dungeon)
Scrolls
 j - 2 scrolls of identify {unknown}
 l - a scroll of noise {unknown}
Potions
 d - 2 potions of might
 g - a potion of heal wounds {unknown}

Dungeon Overview and Level Annotations

Branches:
Dungeon (3/15)

Altars:
Cheibriados

Shops:
D:1 =

Annotations:
D:2 1 runed translucent door, Crazy Yiuf

.# ..############
.#........./.#
.............#
.#...........#
....$........#
.#...........#
#..)...@o....#
.......{o.†..#
#.>....o.†)......
#................
#................
#................
#................
#............####
...........#


You could see 3 orcs.


Message History

😕 HP[-1]
You take 1 damage, and now have 28/29 hp.
You hit the rat but do no damage. The rat bites you but does no damage.
The rat twitches its whiskers.
The rat bites you. 😕 HP[-1]
You take 1 damage, and now have 27/29 hp.
You hit the rat.
You kill the rat!
The rat bites you but does no damage.
You barely miss the rat. The rat bites you. 😕 HP[-1]
You take 1 damage, and now have 26/29 hp.
You slash the rat!
You kill the rat!
No target in view!
No target in view!
e - 58 stones {throwing} (gained 20)
There is a stone staircase leading up here.
There is a stone staircase leading up here.
A worm comes into view. 😎 HP[+3]
Your hp is fully restored (29).
A worm is nearby!
A worm is nearby!
You slash the worm! The worm bites you but does no damage.
You hit the worm. The worm barely misses you.
You barely miss the worm. The worm bites you but does no damage.
You hit the worm but do no damage. The worm barely misses you.
You hit the worm. You hit the worm.
You kill the worm!
No target in view!
No target in view!
You see here a worm corpse.
d - 2 potions of might (gained 1) Crazy Yiuf shouts!
Could not explore, unopened runed door.
There is a stone staircase leading down here.
You climb downwards.
You hear the sound of rushing water.
There is an entrance to a sewer on this level.
Hurry and find it before the portal rusts away!
The orc shouts!
Found a hunting sling, 7 gold pieces and a curved gold wand.
Found an escape hatch in the floor.
There is a stone staircase leading up here.
An orc comes into view. It is wielding a +0 hand axe.
An orc comes into view. It is wielding a +0 club.
An orc wizard comes into view. It is wielding a +0 dagger.
The orc shouts!
The orc wizard shouts!
The bat hits you. 😕 HP[-1]
You take 1 damage, and now have 28/29 hp.
You closely miss the bat. You block the bat's attack.
The bat hits you but does no damage.
You slash the bat!
You kill the bat!
You barely miss the rat. The rat closely misses you. 😎 HP[+1]
Your hp is fully restored (29).
You slash the rat!
You kill the rat!
You barely miss the orc. You block the orc's attack.
The orc closely misses you. The orc hits you but does no damage.
You closely miss the orc. The orc closely misses you.
You slash the orc!
You kill the orc!
You hit the orc.
The orc wizard mumbles some strange words.
The orc wizard flickers and vanishes!
Deactivating autopickup; reactivate with Ctrl-A.
The orc hits you but does no damage.
The orc hits you from afar with a +0 trident. 😕 HP[-2]
You take 2 damage, and now have 27/29 hp.
You miss something. You hit the orc but do no damage.
The orc hits you with a +0 club.
The orc hits you from afar with a +0 trident. 😮 HP[-9]
You take 9 damage, and now have 18/29 hp.
MASSIVE DAMAGE!! (PAUSE)
You barely miss something. You hit the orc but do no damage.
You closely miss the orc. Something hits you. The orc completely misses you.
The orc hits you from afar with a +0 trident.
* * * LOW HITPOINT WARNING * * *
The orc hits you with a +0 hand axe.
* * * LOW HITPOINT WARNING * * *
Something hits you.
* * * LOW HITPOINT WARNING * * *
You block the orc's attack.
The orc hits you from afar with a +0 trident.
* * * LOW HITPOINT WARNING * * *
😱 HP[-13]
You take 13 damage, and now have 5/29 hp.
MASSIVE DAMAGE!! (PAUSE)
You block the orc's attack. You block the orc's attack.
The orc barely misses you.
There is a stone staircase leading up here.
The orc hits you with a +0 hand axe.
You die...

Skill      XL: |  1  2 |
---------------+-------+-----
Axes           | 2 |  2.2
Shields        | 3 |  3.0
Armour         | 3 |  3.1
Fighting       | |  3.3

Action                   || total
-------------------------++-------
Melee: War axe           ||    87
Armor: Scale mail        ||    51
Dodge: Dodged            ||    36
Block: Buckler           ||    17

Levels and vault maps discovered:
D:1:      dpeg_arrival_solitude, layout_loops_ring, serial_shops, shop,
          shapermc_ecumenical_altar_notcrosses
D:2:      layout_loops_ring, basic_altar, uniq_crazy_yiuf_cottage
D:3:      layout_basic, gup_sewer_entry_bowl, st_stairs_13, minmay_rat_hole

Notes
Turn   | Place    | Note
-------+----------+-------------------------------------------
     0 | D:1      | GrayStillPlays the Demonspawn Fighter began the quest for
                  | the Orb.
     0 | D:1      | Reached XP level 1. HP: 18/18 MP: 1/1
     0 | D:1      | magus.rc [v1.9.6]
   241 | D:1      | Reached skill level 2 in Axes
   385 | D:1      | Gained mutation: You have sharp fingernails. [demonic
                  | ancestry]
   385 | D:1      | Reached XP level 2. HP: 13/24 MP: 2/2
   637 | D:1      | Found Zoyz's Jewellery Emporium.
   797 | D:1      | Reached skill level 3 in Shields
   924 | D:1      | Reached skill level 3 in Armour
   924 | D:1      | Found a faded altar of an unknown god.
  1126 | D:2      | Reached XP level 3. HP: 29/29 MP: 3/3
  1176 | D:2      | Found a snail-covered altar of Cheibriados.
  1645 | D:2      | Found a runed translucent door.
  1646 | D:2      | Noticed Crazy Yiuf
  1814 | D:3      | HP: 7/29 [something (1)]
  1817 | D:3      | Slain by an orc

Vanquished Creatures
  A worm (D:2)
  An orc (D:3)
  4 bats
  3 endoplasms
  4 giant cockroaches
  2 goblins (D:1)
  3 hobgoblins (D:1)
  3 kobolds (D:1)
  A quokka (D:1)
  3 ball pythons
  A frilled lizard (D:1)
  7 rats
33 creatures vanquished.

Table legend:
 A = Non-vault XP
 B = Vault XP
 C = Vault XP percentage of total XP
 D = Non-vault monster count
 E = Vault monster count
 F = Vault count percentage of total count
                 A         B        C        D         E       F
            +---------+---------+-------+---------+---------+-------
      Total |      58 |       0 |   0.0 |      33 |       0 |   0.0
            +---------+---------+-------+---------+---------+-------
        D:1 |      37 |       0 |   0.0 |      22 |       0 |   0.0
        D:2 |      15 |       0 |   0.0 |       8 |       0 |   0.0
        D:3 |       6 |       0 |   0.0 |       3 |       0 |   0.0
            +---------+---------+-------+---------+---------+-------

Illustrated notes

Table legend:
 A = Kills in this place as a percentage of kills in entire the game.
 B = Kills by you in this place as a percentage of kills by you in the entire game.
 C = Kills by friends in this place as a percentage of kills by friends in the entire game.
 D = Other kills in this place as a percentage of other kills in the entire game.
 E = Experience gained in this place as a percentage of experience gained in the entire game.
 F = Experience gained in this place divided by the number of levels of this place that you have seen.
                   A       B       C       D       E      F
               +-------+-------+-------+-------+-------+----------------------
         Total | 100.0 | 100.0 |   N/A |   N/A | 100.0 |  19.3
       Dungeon | 100.0 | 100.0 |   N/A |   N/A | 100.0 |  19.3
               +-------+-------+-------+-------+-------+----------------------

Table legend: (Time is in decaauts)
 A = Elapsed time spent in this place.
 B = Non-inter-level travel time spent in this place.
 C = Inter-level travel time spent in this place.
 D = Time resting spent in this place.
 E = Time spent auto-exploring this place.
 F = Levels seen in this place.
 G = Mean time per level.
                   A        B        C        D        E       F      G
               +--------+--------+--------+--------+--------+-----+--------+
         Total |   1854 |   1796 |     58 |      0 |   1544 |   3 |  618.0 |
       Dungeon |   1854 |   1796 |     58 |      0 |   1544 |   3 |  618.0 |
               +--------+--------+--------+--------+--------+-----+--------+

Top non-repeatable levels by time:
     D:1: 1052 daAuts
     D:2: 786 daAuts
     D:3: 15 daAuts
